 Dungeon Crawl Stone Soup version 0.21.1-1-g345015fe64 (webtiles) character file.

53312 Lavandula the Thaumaturge (level 14, -12/108 HPs)
             Began as a Barachi Earth Elementalist on July 24, 2018.
             Was a High Priest of Vehumet.
             Mangled by a harpy (13 damage)
             ... on level 3 of the Shoals on July 25, 2018.
             The game lasted 01:40:40 (12378 turns).

Lavandula the Thaumaturge (BaEE)                   Turns: 12378, Time: 01:40:41

Health: -12/108    AC: 10    Str: 15    XL:     14   Next: 67%
Magic:  20/29      EV: 16    Int: 28    God:    Vehumet [*****.]
Gold:   1004       SH:  0    Dex: 17    Spells: 0/35 levels left

rFire    x . .     SeeInvis .   R - staff of air
rCold    + + .     Gourm    .   (no shield)
rNeg     . . .     Faith    .   j - +0 troll leather armour
rPois    .         Spirit   .   P - +2 hat {Int+3}
rElec    +         Reflect  .   U - +0 cloak {rC+}
rCorr    .         Harm     +   q - +2 pair of gloves {Dex+3}
MR       +....                  (no boots)
Stlth    +++.......             h - amulet of harm
HPRegen  0.68/turn              l - ring of ice
MPRegen  0.21/turn              B - ring of Ymmu Dua {rElec Str+5 Int+6 Stlth-}

@: about to teleport, can't hop, slow
A: +LOS, swims, slowness 1, strong legs 2
a: Hop, Renounce Religion


You were on level 3 of the Shoals.
You worshipped Vehumet.
Vehumet was extremely pleased with you.
You were not hungry.

You visited 4 branches of the dungeon, and saw 22 of its levels.
You also visited: Ossuary, Ice Cave and Volcano.

You collected 1688 gold pieces.
You spent 684 gold pieces at shops.

Inventory:

Hand Weapons
 v - a +5 dagger of venom
 w - a +3 quick blade of flaming
 y - a +0 falchion of holy wrath
Missiles
 b - 127 stones (quivered)
Armour
 c - a +2 robe of positive energy
 i - +0 steam dragon scales
 j - a +0 troll leather armour (worn)
 q - a +2 pair of gloves of dexterity (worn)
 E - +0 fire dragon scales
 P - a +2 hat of intelligence (worn)
 U - a +0 cloak of cold resistance (worn)
 Z - +2 ice dragon scales
Magical Staves
 R - an uncursed staff of air (weapon)
Jewellery
 f - an uncursed ring of protection from magic
 h - an amulet of harm (around neck)
 l - a ring of ice (left hand)
 o - an uncursed ring of fire
 A - a +3 ring of dexterity
 B - the ring of Ymmu Dua (right hand) {rElec Str+5 Int+6 Stlth-}
   (You found it on level 3 of the Lair of Beasts)

   [ring of strength]

   It affects your strength (+5).
   It affects your intelligence (+6).
   It insulates you from electricity.
   It makes you less stealthy.
 F - an uncursed ring of fire
Wands
 s - a wand of flame (28)
 t - a wand of acid (6)
 z - a wand of disintegration (16)
 T - a wand of iceblast (8)
 V - a wand of polymorph (13)
 W - a wand of paralysis (14)
Scrolls
 e - a scroll of immolation
 g - 4 scrolls of teleportation
 u - 6 scrolls of remove curse
 N - a scroll of fog
Potions
 k - a potion of lignification {unknown}
 m - 5 potions of berserk rage {unknown}
 p - a potion of ambrosia {unknown}
 r - 3 potions of magic
 x - a potion of haste {unknown}
 C - a potion of might {unknown}
 D - a potion of agility
 G - a potion of resistance
 H - 3 potions of degeneration {unknown}
 I - a potion of brilliance {unknown}
 M - a potion of experience {unknown}
 S - 2 potions of mutation {unknown}
 X - a potion of curing
Books
 L - Veogoibi's Guide on the Poisonous Frostbite
   (You found it in an ice cave)

   Spells                             Type                      Level
   a - Ensorcelled Hibernation        Hexes/Ice                    2
   b - Poisonous Vapours              Poison/Air                   2
   c - Ozocubu's Armour               Charms/Ice                   3
   d - Mephitic Cloud                 Conjuration/Poison/Air       3
   e - Freezing Cloud                 Conjuration/Ice/Air          6
 Y - a book of Battle

   Spells                             Type                      Level
   a - Infusion                       Charms                       1
   b - Shroud of Golubria             Charms/Translocation         2
   c - Song of Slaying                Charms                       2
   d - Spectral Weapon                Hexes/Charms                 3
   e - Regeneration                   Charms/Necromancy            3
Comestibles
 d - 25 rations


   Skills:
 - Level 9.3 Fighting
 - Level 10.8 Short Blades
 - Level 7.1 Dodging
 - Level 8.7 Stealth
 + Level 11.3 Spellcasting
 - Level 6.6 Conjurations
 - Level 5.2 Summonings
 - Level 7.6 Necromancy
 - Level 1.1 Transmutations
 - Level 7.2 Air Magic
 - Level 9.7 Earth Magic
 - Level 3.3 Evocations


You couldn't memorise any spells.
You knew the following spells:

 Your Spells              Type           Power        Failure   Level  Hunger
a - Sandblast             Erth           ######       1%          1    None
b - Stone Arrow           Conj/Erth      ######       1%          3    None
c - Petrify               Tmut/Erth      #####...     4%          4    None
d - Lee's Rapid Deconstr  Erth           ######....   1%          5    ###....
e - Iron Shot             Conj/Erth      ######....   6%          6    #####..
f - Summon Lightning Spi  Summ/Air       ######..     3%          4    None
g - Call Canine Familiar  Summ           #####...     1%          3    None
h - Regeneration          Chrm/Necr      #####.....   2%          3    None
i - Conjure Ball Lightni  Conj/Air       ######....   11%         6    #####..


Dungeon Overview and Level Annotations

Branches:
Dungeon (11/15)            Temple (0/1) D:7            Lair (6/6) D:10
 Shoals (3/4) Lair:4          Orc (2/2) D:11            Elf (0/3) Orc:2
  Snake: Lair:2-4    Spider: Lair:2-4     Slime: Lair:5-6

Altars:
Ashenzari
Dithmenos
Elyvilon
Fedhas
Gozag
Hepliaklqana
Makhleb
Trog
Vehumet
Wu Jian
The Shining One

Shops:
D:6 [   D:7 (!?!   Orc:1 %[   Orc:2 *}:=[   Shoals:2 ?%

Portals:
Hell: Lair:6

Annotations:
Shoals:2 Nikola


Innate Abilities, Weirdness & Mutations

Shadows flee at your approach. (+LOS)
You can swim through water.
You cover ground slowly.
You can hop long distances.


Message History

Unknown command.
Hop to where?
Press: ? - help, Dir - move target cursor Boing!
As you read the scroll of teleportation, it crumbles to dust.
You feel strangely unstable.
You hear a grinding noise.
Unknown command.
There's nothing to open nearby.
Unknown command.
The harpy claws you but does no damage. x2; The harpy claws you!
* * * LOW HITPOINT WARNING * * *
The harpy claws you.
* * * LOW HITPOINT WARNING * * *
The harpy claws you!
* * * LOW HITPOINT WARNING * * *
The harpy claws you!
* * * LOW HITPOINT WARNING * * *
The harpy barely misses you. The harpy claws you!
You die...

##################
≈≈≈≈≈≈≈≈≈≈≈≈≈≈≈≈≈≈
≈≈≈≈≈≈≈≈≈≈≈≈≈≈≈≈≈≈
≈≈≈≈≈≈≈≈≈≈≈≈≈≈≈≈≈≈
≈≈≈≈≈≈≈≈≈≈≈≈≈≈≈≈≈≈
≈≈≈≈≈≈≈≈≈≈≈≈≈≈≈≈≈≈≈≈≈
≈≈≈≈≈≈≈≈≈≈≈@HH≈≈≈≈≈≈≈
≈≈≈≈≈≈≈≈≈≈≈H≈≈≈≈≈≈≈≈≈
≈≈≈≈≈≈≈≈≈m≈≈≈≈≈≈≈≈≈≈≈
≈≈≈≈≈≈≈≈≈≈≈≈≈≈≈≈≈≈≈≈≈
≈≈≈≈≈≈≈≈≈≈≈≈≈≈≈≈≈≈≈≈≈
≈≈≈≈≈≈≈≈≈≈≈≈≈≈≈≈≈≈≈≈P
≈≈≈≈≈≈≈.≈≈≈≈≈≈≈≈≈≈P≈≈
≈≈≈≈≈..≈§≈≈≈≈P≈≈≈≈PP≈
.≈≈..##.≈≈≈P≈≈P≈PP≈≈≈


You could see a merfolk and 3 harpies.

Vanquished Creatures
  2 Ice Fiends (IceCv)
  A kraken (Shoals:2)
  2 merfolk impalers
  6 hydras (Lair:6)
  A merfolk avatar (Shoals:2)
  A hell hog (Volcano)
  2 death yaks (Shoals:2)
  An orc high priest (Orc:2)
  Nergalle (D:11)
  2 sea snakes
  A wizard (Lair:6)
  An orc knight (Orc:2)
  6 fauns (Shoals:2)
  4 harpies
  2 orc sorcerers (Orc:2)
  4 manticores
  A salamander (Volcano)
  A merfolk siren (Shoals:2)
  An elephant (Lair:6)
  2 ice statues (IceCv)
  A black mamba (Lair:6)
  5 spiny frogs
  2 water nymphs
  5 rime drakes
  2 komodo dragons (Lair:6)
  8 ice devils
  2 trolls
  2 polar bears
  3 merfolk
  A hornet (D:9)
  2 wind drakes (Shoals:1)
  A blink frog (Lair:6)
  8 hippogriffs
  3 fire bats (Lair:4)
  4 water elementals
  A wyvern (Lair:2)
  2 hungry ghosts
  4 yaks (Lair:5)
  2 basilisks
  A steam dragon (Shoals:1)
  Menkaure (D:4)
  3 wargs (Orc:2)
  4 porcupines
  9 water moccasins
  4 hell hounds
  13 orc warriors
  3 sky beasts
  2 phantoms
  An ice beast (D:10)
  2 necrophages
  30 wolves (Lair:6)
  8 ogres
  A centaur (D:8)
  8 crocodiles
  2 big kobolds
  5 bullfrogs
  3 scorpions
  5 killer bees (D:9)
  4 wights (D:6)
  An electric eel (Lair:4)
  3 crimson imps
  7 hounds
  4 jellies
  3 centaur skeletons
  12 orc priests
  3 bullfrog skeletons
  2 iguanas
  15 orc wizards
  3 worker ants
  6 ogre zombies (D:11)
  A hound zombie (D:9)
  2 worker ant zombies
  12 mummies (Ossuary)
  20 gnolls
  A howler monkey skeleton (D:4)
  8 adders
  2 shadow imps
  A white imp (IceCv)
  4 ufetubi (IceCv)
  2 adder zombies (D:5)
  An adder skeleton (D:6)
  A dart slug (D:3)
  3 leopard geckos
  39 orcs
  A ball python (D:1)
  5 giant cockroaches
  2 goblins
  3 hobgoblins
  14 jackals
  4 bats
  4 frilled lizards
  A gnoll skeleton (Ossuary)
  2 goblin skeletons
  3 goblin zombies (D:11)
  3 hobgoblin skeletons (D:11)
  10 kobolds
  2 kobold skeletons (Ossuary)
  6 orc skeletons
  8 orc zombies (D:11)
  A quokka skeleton (D:5)
  4 rats
  11 rat skeletons (Ossuary)
  2 plants (Shoals:3)
  A tentacle (Shoals:2)
452 creatures vanquished.

Vanquished Creatures (collateral kills)
  A dire elephant (Lair:6)
  A hydra (Lair:6)
  A hell beast (Lair:6)
  A death yak (Shoals:2)
  2 orc sorcerers (Orc:2)
  A faun (Shoals:2)
  A salamander (Volcano)
  3 elephants (Lair:6)
  2 orange demons (Lair:6)
  2 rime drakes
  A red devil (Lair:6)
  7 ice devils
  A hellwing (Lair:6)
  A wind drake (Shoals:1)
  A yak (Lair:5)
  A fire bat (Volcano)
  A steam dragon (Shoals:1)
  2 hell hounds
  A water moccasin (Lair:6)
  An orc warrior (Orc:2)
  9 wolves (Lair:6)
  2 orc wizards (Orc:2)
  An orc priest (Orc:2)
  4 white imps (IceCv)
  An ufetubus (IceCv)
49 creatures vanquished.

Vanquished Creatures (others)
  2 two-headed ogres (Volcano)
  4 ball lightnings (Shoals:3)
  A centaur (Volcano)
  3 white imps (IceCv)
  5 ufetubi (IceCv)
  An orc skeleton (Ossuary)
  3 fungi
  30 tentacles (Shoals:2)
49 creatures vanquished.

Grand Total: 550 creatures vanquished

Notes
Turn   | Place    | Note
-------+----------+-------------------------------------------
     0 | D:1      | Lavandula the Barachi Earth Elementalist began the quest for the Orb.
     0 | D:1      | Reached XP level 1. HP: 13/13 MP: 3/3
   110 | D:1      | Reached XP level 2. HP: 19/19 MP: 0/5
   155 | D:2      | Found a radiant altar of Vehumet.
   156 | D:2      | Found a burning altar of Makhleb.
   162 | D:2      | Became a worshipper of Vehumet
   180 | D:2      | Found a blossoming altar of Fedhas.
   344 | D:2      | Reached skill level 3 in Spellcasting
   372 | D:2      | Found a hazy altar of Hepliaklqana.
   372 | D:2      | Found a bloodstained altar of Trog.
   384 | D:2      | Reached XP level 3. HP: 24/24 MP: 4/8
   389 | D:2      | Learned a level 3 spell: Stone Arrow
   720 | D:3      | Reached XP level 4. HP: 8/30 MP: 4/9
   727 | D:3      | Learned a level 4 spell: Petrify
   942 | D:3      | Reached skill level 4 in Spellcasting
   960 | D:3      | Reached XP level 5. HP: 27/35 MP: 0/11
   981 | D:3      | Reached * piety under Vehumet
   981 | D:3      | Offered knowledge of Sting by Vehumet.
  1032 | D:3      | Reached skill level 1 in Short Blades
  1141 | D:4      | Noticed Menkaure
  1163 | D:4      | Killed Menkaure
  1163 | D:4      | Reached XP level 6. HP: 13/48 MP: 0/12
  1195 | D:4      | Learned a level 5 spell: Lee's Rapid Deconstruction
  1363 | D:5      | Entered Level 5 of the Dungeon
  1465 | D:5      | Reached skill level 5 in Earth Magic
  1467 | D:5      | Reached XP level 7. HP: 41/53 MP: 10/13
  1670 | D:5      | Found a shadowy altar of Dithmenos.
  1745 | D:4      | Reached ** piety under Vehumet
  1745 | D:4      | Offered knowledge of Flame Tongue by Vehumet.
  1858 | D:5      | Found a glowing golden altar of the Shining One.
  1892 | D:5      | Reached XP level 8. HP: 45/60 MP: 5/14
  2106 | D:6      | Reached skill level 1 in Evocations
  2265 | D:7      | Found a sand-covered staircase.
  2275 | Ossuary  | Entered an ossuary
  2370 | Ossuary  | Offered knowledge of Throw Flame by Vehumet.
  2396 | Ossuary  | Reached *** piety under Vehumet
  2863 | D:6      | Found Seujomih's Antique Armour Boutique.
  2959 | D:6      | Reached skill level 5 in Short Blades
  2962 | D:7      | Found Epri Bugge's Magic Scroll Emporium.
  2964 | D:7      | Bought a scroll of fog for 30 gold pieces
  2964 | D:7      | Bought a scroll of noise for 15 gold pieces
  2964 | D:7      | Bought a scroll of random uselessness for 15 gold pieces
  3028 | D:5      | Offered knowledge of Inner Flame by Vehumet.
  3251 | D:7      | Found a white marble altar of Elyvilon.
  3263 | D:7      | Reached XP level 9. HP: 45/65 MP: 3/15
  3342 | D:7      | Found Qesagec's Distillery.
  3356 | D:7      | Bought a potion of curing for 39 gold pieces
  3402 | D:7      | Found Gaestaod's Distillery.
  3420 | D:7      | Found Jaeps's Antique Weapon Shop.
  3567 | D:8      | Found a shattered altar of Ashenzari.
  3594 | D:8      | Reached skill level 5 in Spellcasting
  3689 | D:8      | Reached **** piety under Vehumet
  3689 | D:8      | Reached skill level 5 in Fighting
  3936 | D:9      | Found an ornate altar of the Wu Jian Council.
  4004 | D:9      | Noticed a hornet
  4012 | D:9      | Killed a hornet
  4030 | D:10     | Entered Level 10 of the Dungeon
  4104 | D:9      | Offered knowledge of Force Lance by Vehumet.
  4158 | D:9      | Reached XP level 10. HP: 60/79 MP: 10/17
  4404 | D:10     | Reached skill level 10 in Short Blades
  4507 | D:10     | Reached ***** piety under Vehumet
  4575 | D:10     | Offered knowledge of Iron Shot by Vehumet.
  4590 | D:10     | Learned a level 6 spell: Iron Shot
  4601 | D:10     | Found a staircase to the Lair.
  4626 | Lair:1   | Entered Level 1 of the Lair of Beasts
  4723 | D:11     | Reached skill level 1 in Conjurations
  4968 | D:11     | Found a staircase to the Orcish Mines.
  4979 | Orc:1    | Entered Level 1 of the Orcish Mines
  4984 | Orc:1    | Noticed Nergalle
  5010 | D:11     | HP: 2/79 [Nergalle/bolt of negative energy (31)]
  5015 | D:11     | Killed Nergalle
  5015 | D:11     | Reached skill level 5 in Conjurations
  5450 | Orc:2    | Entered Level 2 of the Orcish Mines
  5502 | Orc:2    | Noticed an orc knight
  5561 | Orc:1    | Found Wuamurche's Food Shoppe.
  5629 | Orc:2    | Found Qaluc's General Store.
  5653 | Orc:2    | Bought a book of Callings for 390 gold pieces
  5668 | Orc:2    | Reached XP level 11. HP: 84/84 MP: 15/19
  5804 | Orc:2    | Found a burning altar of Makhleb.
  5826 | Orc:2    | Reached skill level 6 in Spellcasting
  5933 | Orc:1    | Found Qoosadghi's Antique Armour Boutique.
  5933 | Orc:1    | Noticed an orc knight
  5933 | Orc:1    | Noticed an orc knight
  6032 | Orc:2    | Killed an orc knight
  6038 | Orc:2    | Reached skill level 7 in Spellcasting
  6131 | Orc:2    | Learned a level 4 spell: Summon Lightning Spire
  6201 | Orc:2    | Found a staircase to the Elven Halls.
  6347 | Orc:2    | Noticed an orc sorcerer
  6358 | Orc:2    | Killed an orc sorcerer
  6416 | Orc:2    | Noticed an orc sorcerer
  6427 | Orc:2    | Killed an orc sorcerer
  6466 | Orc:2    | Noticed an orc sorcerer
  6518 | Orc:2    | Killed an orc sorcerer
  6527 | Orc:2    | Noticed an orc high priest
  6536 | Orc:2    | Noticed a sixfirhy
  6539 | Orc:2    | Killed an orc high priest
  6578 | Orc:2    | Noticed an orc sorcerer
  6579 | Orc:2    | Killed an orc sorcerer
  6629 | Orc:2    | Reached skill level 5 in Air Magic
  6661 | Orc:2    | Found Tacoe's Jewellery Shop.
  6661 | Orc:2    | Found Ucykan's Gadget Boutique.
  6661 | Orc:2    | Found Ticit's Book Boutique.
  6669 | Orc:2    | Found Tialoal's Antique Armour Shop.
  6676 | Orc:2    | Bought a pair of runed gloves for 195 gold pieces
  7091 | Lair:2   | Reached skill level 5 in Summonings
  7335 | Lair:3   | Reached XP level 12. HP: 63/91 MP: 9/23
  7380 | Lair:3   | Got a faintly glowing silver ring
  7381 | Lair:3   | Identified the ring of Ymmu Dua {rElec Str+5 Int+6 Stlth-} (You found it on level 3 of the Lair of Beasts)
  7443 | Lair:4   | Reached skill level 5 in Dodging
  7445 | Lair:4   | Offered knowledge of Bolt of Fire by Vehumet.
  7452 | Lair:4   | Found a dark tunnel.
  7462 | Volcano  | Entered a volcano
  7491 | Volcano  | Learned a level 3 spell: Call Canine Familiar
  7520 | Volcano  | Noticed a two-headed ogre
  7528 | Volcano  | Noticed a hell hog
  7551 | Volcano  | Killed a two-headed ogre
  7651 | Volcano  | Killed a two-headed ogre
  7711 | Volcano  | Killed a hell hog
  8152 | Lair:6   | Entered Level 6 of the Lair of Beasts
  8230 | Lair:6   | Found a shattered altar of Ashenzari.
  8453 | Lair:6   | Noticed a six-headed hydra
  8458 | Lair:6   | Killed a six-headed hydra
  8458 | Lair:6   | Reached skill level 5 in Stealth
  8459 | Lair:6   | Noticed a five-headed hydra
  8465 | Lair:6   | Killed a five-headed hydra
  8742 | Lair:6   | Gained mutation: You can hop long distances. [Barachi growth]
  8742 | Lair:6   | Reached XP level 13. HP: 92/101 MP: 10/24
  8902 | Lair:6   | Reached skill level 8 in Spellcasting
  9118 | Lair:6   | Noticed a dire elephant
  9126 | Lair:6   | Killed a dire elephant
  9293 | Lair:6   | Offered knowledge of Conjure Ball Lightning by Vehumet.
  9393 | Lair:6   | Found a burning altar of Makhleb.
  9427 | Lair:6   | Found a gateway to Hell.
  9570 | Lair:4   | Found a staircase to the Shoals.
  9662 | Shoals:1 | Entered Level 1 of the Shoals
  9716 | Shoals:1 | Reached skill level 9 in Spellcasting
  9920 | Lair:4   | Learned a level 3 spell: Regeneration
 10016 | Shoals:1 | Reached skill level 1 in Necromancy
 10131 | Shoals:2 | Noticed a merfolk impaler
 10141 | Shoals:2 | Killed a merfolk impaler
 10164 | Shoals:2 | Reached XP level 14. HP: 108/108 MP: 14/27
 10266 | Shoals:2 | Noticed Nikola
 10302 | Shoals:2 | Found a frozen archway.
 10308 | IceCv    | Entered an ice cave
 10591 | IceCv    | Reached skill level 5 in Necromancy
 11166 | IceCv    | Noticed an Ice Fiend
 11190 | IceCv    | Noticed an Ice Fiend
 11314 | IceCv    | Killed an Ice Fiend
 11633 | IceCv    | Killed an Ice Fiend
 11671 | IceCv    | Reached skill level 10 in Spellcasting
 11707 | IceCv    | Identified Veogoibi's Guide on the Poisonous Frostbite
 11938 | Shoals:2 | Found Seblaawo's Magic Scroll Shoppe.
 11968 | Shoals:2 | Found Xoca's Food Boutique.
 12103 | Shoals:2 | Found an opulent altar of Gozag.
 12110 | Shoals:2 | Noticed a kraken
 12311 | Shoals:2 | Killed a kraken
 12311 | Shoals:2 | Reached skill level 11 in Spellcasting
 12319 | Shoals:2 | Learned a level 6 spell: Conjure Ball Lightning
 12378 | Shoals:3 | HP: 1/108 [harpy (9)]
 12378 | Shoals:3 | Mangled by a harpy

Skill      XL: |  1  2  3  4  5  6  7  8  9 10 11 12 13 14 |
---------------+-------------------------------------------+-----
Spellcasting   | 3 4 5 7 9 11 | 11.3
Earth Magic    | 4 5 6 7 9 |  9.7
Short Blades   | 2 4 6 8 10 | 10.8
Fighting       | 3 7 9 |  9.3
Dodging        | 3 7 |  7.1
Evocations     | 3 |  3.3
Conjurations   | 6 |  6.6
Summonings     | 5 |  5.2
Air Magic      | 7 |  7.2
Stealth        | 7 8 |  8.7
Necromancy     | 3 7 |  7.6
Transmutations | |  1.1

Action                   |  1- 3 |  4- 6 |  7- 9 | 10-12 | 13-15 || total
-------------------------+-------+-------+-------+-------+-------++-------
Melee: Unarmed           |     3 |       |       |       |       ||     3
       Dagger            |       |    16 |   159 |   448 |   173 ||   796
       Falchion          |       |       |    75 |       |       ||    75
 Cast: Sandblast         |    31 |    54 |    93 |    96 |    94 ||   368
       Stone Arrow       |     2 |     5 |    66 |   158 |    73 ||   304
       Lee's Rapid Decon |       |       |     4 |     8 |    15 ||    27
       Petrify           |       |       |     1 |     2 |       ||     3
       Summon Lightning  |       |       |       |    17 |    28 ||    45
       Call Canine Famil |       |       |       |     2 |     3 ||     5
       Iron Shot         |       |       |       |     1 |    19 ||    20
       Regeneration      |       |       |       |       |     7 ||     7
       Conjure Ball Ligh |       |       |       |       |     2 ||     2
 Abil: Hop               |     1 |     3 |     5 |    13 |    11 ||    33
Evoke: Wand              |       |       |       |    19 |     5 ||    24
       Sack of spiders   |       |       |       |       |     2 ||     2
  Use: Scroll            |       |     3 |     9 |     4 |    11 ||    27
       Potion            |       |       |     2 |     3 |     1 ||     6
 Stab: Sleeping          |       |     1 |     1 |     2 |     4 ||     8
       Petrified         |       |       |     1 |     3 |       ||     4
       Distracted        |       |       |       |     2 |     5 ||     7
       Confused          |       |       |       |     1 |       ||     1
  Eat: Chunk             |       |     3 |    12 |    20 |     8 ||    43
       Ration            |       |       |     1 |     2 |     4 ||     7
Armor: Robe              |     1 |     2 |    24 |    18 |       ||    45
       Troll leather arm |       |       |       |    55 |    54 ||   109
Dodge: Dodged            |    11 |    17 |   151 |   261 |   155 ||   595
       Rpst.: Falchion   |       |       |     9 |       |       ||     9
